 Dungeon Crawl Stone Soup version 0.23-a0-208-gb6b040f (webtiles) character file.

33133 iamserjio the Marksdraconian (level 13, -1/107 HPs)
             Began as a Red Draconian Wanderer on Sept 25, 2018.
             Was an Elder of Hepliaklqana.
             Slain by a white ugly thing (18 damage)
             ... on level 14 of the Dungeon.
             The game lasted 00:54:37 (16792 turns).

iamserjio the Marksdraconian (DrWn)                Turns: 16792, Time: 00:54:38

Health: -1/107     AC: 14    Str: 20    XL:     13   Next: 35%
Magic:  19/19      EV: 15    Int: 14    God:    Hepliaklqana [****..]
Gold:   777        SH:  0    Dex: 12    Spells: 19/20 levels left

rFire    + . .     SeeInvis .   k - +0 longbow
rCold    . . .     Gourm    .   (shield currently unavailable)
rNeg     . . .     Faith    .   (armour unavailable)
rPois    .         Spirit   .   (helmet restricted)
rElec    .         Reflect  .   L - +2 cloak
rCorr    +         Harm     .   a - +2 pair of gloves {archery}
MR       .....                  (no boots)
Stlth    ++........             (no amulet)
HPRegen  0.27/turn              S - +3 ring of strength
MPRegen  0.16/turn              A - ring of resist corrosion

@: short of breath
A: breathe fire, unfitting armour, reduced essence, fire resistance 1,
cold-blooded, AC +8
a: Breathe Fire, Recall Ancestor, Ancestor Identity, Transference, Idealise,
Renounce Religion


You were on level 14 of the Dungeon.
You worshipped Hepliaklqana.
Hepliaklqana was greatly pleased with you.
You were not hungry.

You visited 1 branch of the dungeon, and saw 14 of its levels.
You also visited: Sewer.

You collected 992 gold pieces.
You spent 215 gold pieces at shops.

Inventory:

Hand Weapons
 e - a +0 quarterstaff
 k - a +0 longbow (weapon)
 p - a +1 morningstar of venom
 r - a +2 dagger of electrocution
 t - the +1 war axe "Ducvi" {freeze, MR+ Str+3 Dex-4}
   (You found it on level 12 of the Dungeon)

   It has been specially enchanted to freeze those struck by it, causing extra
   injury to most foes and up to half again as much damage against particularly
   susceptible opponents.
   It can also slow down cold-blooded creatures.
   It affects your strength (+3).
   It affects your dexterity (-4).
   It affects your resistance to hostile enchantments.
 F - a +2 morningstar of holy wrath
 N - a +1 short sword of venom
Missiles
 b - 198 arrows (quivered)
 O - 2 throwing nets {!f}
Armour
 a - a +2 pair of gloves of archery (worn)
 g - a +2 pair of gloves
 L - a +2 cloak (worn)
Jewellery
 A - a ring of resist corrosion (right hand)
 B - an uncursed ring of wizardry
 S - a +3 ring of strength (left hand)
Wands
 j - a wand of flame (30)
 x - a wand of polymorph (19)
 E - a wand of digging (9)
 Q - a wand of disintegration (23)
Scrolls
 c - 5 scrolls of fear
 h - 4 scrolls of remove curse {@r2}
 i - 5 scrolls of fog
 l - 7 scrolls of teleportation
 s - 3 scrolls of amnesia
 v - 3 scrolls of immolation
 y - 3 scrolls of blinking
 z - a scroll of acquirement {unknown}
 D - 2 scrolls of magic mapping
 J - a scroll of enchant weapon
Potions
 d - 5 potions of curing {@q1}
 m - 4 potions of might
 n - 2 potions of flight
 o - 2 potions of invisibility
 u - a potion of lignification
 C - a potion of berserk rage
 G - a potion of mutation
 K - a potion of agility
 M - 3 potions of cancellation
 P - a potion of brilliance
Miscellaneous
 w - a sack of spiders
 R - a box of beasts
Comestibles
 f - 24 rations
 q - 6 chunks of flesh


   Skills:
 + Level 12.3 Fighting
 * Level 15.9 Bows
 - Level 6.3 Dodging
 - Level 1.0 Stealth
   Level 1.0 Shields
 - Level 4.0 Spellcasting
   Level 2.0 Conjurations
 - Level 2.0 Necromancy
   Level 2.4 Fire Magic
 - Level 5.0 Invocations


You had 19 spell levels left.
You knew the following spells:

 Your Spells              Type           Power        Failure   Level  Hunger
a - Animate Skeleton      Necr           N/A          9%          1    None

Your spell library contained the following spells:

 Spells                   Type           Power        Failure   Level  Hunger
 Apportation              Tloc           #.....       19%         1    None
 Confusing Touch          Hex            #.....       19%         1    None
 Summon Small Mammal      Summ           #...         19%         1    None


Dungeon Overview and Level Annotations

Branches:
Dungeon (14/15)            Temple (0/1) D:6            Lair (0/6) D:8
    Orc (0/2) D:11         Vaults (0/5) D:13

Altars:
Ashenzari
Hepliaklqana
Kikubaaqudgha
Nemelex Xobeh
Qazlal
Uskayaw
Wu Jian
Xom
Yredelemnul

Shops:
D:4 ?

Portals:
Trove: D:13 (show abyssal rune of Zot)


Innate Abilities, Weirdness & Mutations

You can breathe blasts of fire.
Your fiery red scales are hard. (AC +8)
You cannot fit into any form of body armour.
Your flesh is heat resistant. (rF+)
You are cold-blooded and may be slowed by cold attacks.
Your life essence is reduced to manifest your ancestor. (-10% HP)


Message History

Firing (i - inventory. (/) - cycle)
b - 200 arrows (quivered)
Aim: a white ugly thing (flame, moderately wounded)
You shoot an arrow. The arrow hits the white ugly thing!
The white ugly thing is engulfed in blazing flames.
The white ugly thing pecks you. The white ugly thing freezes you!!
You feel yourself slow down.
Firing (i - inventory. (/) - cycle)
b - 199 arrows (quivered)
Aim: a white ugly thing (flame, heavily wounded)
You shoot an arrow. The arrow hits the white ugly thing!
The white ugly thing is engulfed in blazing flames.
The white ugly thing pecks you. The white ugly thing freezes you!!
* * * LOW HITPOINT WARNING * * *
You feel much better.
You feel yourself speed up. The white ugly thing pecks you.
The white ugly thing freezes you!
* * * LOW HITPOINT WARNING * * *
The white ugly thing pecks you.
* * * LOW HITPOINT WARNING * * *
The white ugly thing freezes you!!
You die...

.# .# .. .# .##.##
#######...... ####
#.@....#
.....####u####.#
......#(####u#
#.##......#.#
#$..(...u.(.# ....
####(#.##.).#
#...#
#.#####(#......#
#...#
#.......####..##
#...#
#######(####...###
#...#


You could see a white ugly thing.

Vanquished Creatures
  The ghost of coffeespoons the Blocker, a journeyman GrFi of Trog (D:11)
  A hydra (D:12)
  An ogre mage (D:12)
  A centaur warrior (D:13)
  4 two-headed ogres
  4 skeletal warriors
  A necromancer (D:13)
  A manticore (D:14)
  A salamander (shapeshifter) (D:14)
  5 ugly things
  2 cyclopes (D:12)
  2 trolls
  A meliai (D:12)
  Grinder (D:3)
  A queen bee (D:12)
  A hippogriff (D:9)
  A shadow (D:11)
  2 wraiths
  17 yaks
  2 hungry ghosts
  6 vampire mosquitoes
  A two-headed ogre zombie (D:11)
  Duvessa (D:7)
  A porcupine (D:8)
  7 orc warriors
  Purgy (Sewer)
  4 ice beasts
  A black bear (D:8)
  2 sky beasts
  2 necrophages (D:8)
  4 ogres
  5 centaurs
  A phantom (D:5)
  A crocodile (D:8)
  A big kobold (D:8)
  Blork the orc (D:4)
  7 bullfrogs
  2 battlemagi (D:14)
  5 scorpions
  4 wights (D:10)
  17 killer bees
  An electric eel (D:9)
  4 crimson imps
  2 centaur zombies
  2 quasits (D:12)
  6 jellies
  5 hounds
  2 orc priests
  A bullfrog skeleton (D:5)
  2 centaur skeletons
  Ijyb (D:3)
  Natasha (thrice) (D:2)
  4 iguanas
  11 worker ants
  7 orc wizards
  4 ogre zombies (D:11)
  2 gnolls (D:5)
  17 adders
  A shadow imp (D:10)
  3 adder skeletons
  2 worms (D:3)
  4 dart slugs
  4 leopard geckos
  56 orcs
  8 giant cockroaches
  7 goblins
  8 hobgoblins
  2 jackals (D:2)
  34 kobolds
  2 quokkas
  A ball python (D:5)
  13 bats
  5 frilled lizards
  A goblin zombie (D:11)
  4 hobgoblin zombies (D:11)
  2 leopard gecko skeletons
  2 orc skeletons (D:11)
  5 orc zombies (D:11)
  A quokka skeleton (D:5)
  8 rats
  A plant (D:8)
372 creatures vanquished.

Vanquished Creatures (collateral kills)
  Harold (D:7)
  3 two-headed ogres
  A skeletal warrior (D:13)
  An unseen horror (D:10)
  A necromancer (D:13)
  4 ugly things
  A manticore (D:13)
  A troll (D:13)
  2 meliai (D:12)
  A hippogriff (D:13)
  2 wraiths (D:11)
  A yak (D:10)
  A hungry ghost (D:9)
  A vampire mosquito (D:13)
  An orc warrior (D:13)
  An ice beast (D:7)
  A phantom (D:11)
  2 ogres
  A crocodile (D:8)
  2 bullfrogs
  Dowan (D:7)
  A troll zombie (D:11)
  18 killer bees
  A wight (D:10)
  A bullfrog zombie (D:8)
  3 crimson imps
  A quasit (D:9)
  A hound (D:8)
  2 jellies
  2 centaur skeletons
  An iguana (D:8)
  5 orc wizards
  5 worker ants
  2 ogre zombies (D:11)
  A worker ant zombie (D:9)
  2 gnolls (D:5)
  A leopard gecko (D:8)
  5 orcs
  A kobold (D:8)
  A frilled lizard (D:5)
  A goblin zombie (D:11)
  2 hobgoblin skeletons (D:11)
  An orc skeleton (D:11)
  9 orc zombies (D:11)
  7 plants (D:8)
104 creatures vanquished.

Vanquished Creatures (others)
  A human (D:10)
  10 battlemagi
  5 ancestors
  An adder skeleton (D:8)
  13 fungi (D:8)
  4 plants
34 creatures vanquished.

Grand Total: 510 creatures vanquished

Notes
Turn   | Place    | Note
-------+----------+-------------------------------------------
     0 | D:1      | iamserjio the Draconian Wanderer began the quest for the
                  | Orb.
     0 | D:1      | iamserjio set off with: a +2 shortbow, 26 arrows, a potion
                  | of lignification, a potion of curing {@q1}, a ration
     0 | D:1      | Reached XP level 1. HP: 14/14 MP: 2/2
    48 | D:1      | Reached skill level 3 in Bows
    95 | D:1      | Reached XP level 2. HP: 22/22 MP: 3/3
   141 | D:1      | Reached skill level 1 in Fighting
   909 | D:2      | Found a shimmering altar of Xom.
   930 | D:2      | Reached XP level 3. HP: 28/28 MP: 4/4
  1035 | D:2      | Noticed Natasha
  1037 | D:2      | Killed Natasha
  1037 | D:2      | Reached skill level 4 in Bows
  1037 | D:2      | Reached XP level 4. HP: 36/36 MP: 5/5
  1511 | D:2      | Reached XP level 5. HP: 42/42 MP: 6/6
  1703 | D:2      | Noticed Natasha
  1710 | D:2      | Killed Natasha
  1716 | D:2      | Found an ancient bone altar of Kikubaaqudgha.
  2052 | D:2      | Noticed Natasha
  2054 | D:2      | Killed Natasha
  2154 | D:2      | Learned a level 1 spell: Animate Skeleton
  2193 | D:3      | Noticed Grinder
  2194 | D:3      | Reached skill level 9 in Bows
  2194 | D:3      | Reached skill level 5 in Dodging
  2194 | D:3      | Reached XP level 6. HP: 60/60 MP: 7/7
  2204 | D:3      | Killed Grinder
  2204 | D:3      | Your scales start taking on a fiery red colour.
  2204 | D:3      | Reached XP level 7. HP: 53/66 MP: 7/9
  2204 | D:3      | Gained mutation: Your flesh is heat resistant. (rF+) [Red
                  | Draconian growth]
  2236 | D:3      | Found a hide-covered altar of Uskayaw.
  2310 | D:3      | Found a stormy altar of Qazlal.
  2322 | D:3      | Reached skill level 1 in Necromancy
  2695 | D:3      | Found a glowing drain.
  2704 | Sewer    | Entered a sewer
  2756 | Sewer    | Noticed Purgy
  2768 | Sewer    | Killed Purgy
  3107 | D:3      | Noticed Ijyb
  3111 | D:3      | Killed Ijyb
  3251 | D:4      | Found Ohae's Magic Scroll Emporium.
  3259 | D:4      | Bought a scroll of teleportation for 30 gold pieces
  3259 | D:4      | Bought a scroll of immolation for 35 gold pieces
  3259 | D:4      | Bought a scroll of fear for 35 gold pieces
  3259 | D:4      | Bought a scroll of enchant armour for 75 gold pieces
  3259 | D:4      | Bought a scroll of identify for 20 gold pieces
  3259 | D:4      | Bought a scroll of identify for 20 gold pieces
  3269 | D:4      | Noticed Blork the orc
  3284 | D:4      | Killed Blork the orc
  3795 | D:4      | Found a basalt altar of Yredelemnul.
  3796 | D:4      | Found a hazy altar of Hepliaklqana.
  3798 | D:4      | Reached XP level 8. HP: 73/73 MP: 11/11
  3892 | D:4      | Became a worshipper of Hepliaklqana the Forgotten
  3917 | D:5      | Entered Level 5 of the Dungeon
  4090 | D:5      | Found a sparkling altar of Nemelex Xobeh.
  4759 | D:6      | Reached skill level 10 in Bows
  4891 | D:6      | Found an ornate altar of the Wu Jian Council.
  4921 | D:6      | Reached * piety under Hepliaklqana
  5153 | D:6      | Found a staircase to the Ecumenical Temple.
  5447 | D:7      | Reached XP level 9. HP: 66/72 MP: 12/12
  5533 | D:7      | Noticed Dowan
  5549 | D:7      | Killed Dowan
  5610 | D:7      | Noticed Harold
  5626 | D:7      | Killed Harold
  5634 | D:7      | Noticed Duvessa
  6104 | D:7      | Killed Duvessa
  6104 | D:7      | Reached skill level 11 in Bows
  6760 | D:8      | Reached XP level 10. HP: 79/79 MP: 13/13
  6779 | D:8      | Found a staircase to the Lair.
  7069 | D:8      | Reached skill level 12 in Bows
  7243 | D:8      | Reached ** piety under Hepliaklqana
  7244 | D:8      | Remembered your ancestor Mirna as a battlemage
  7316 | D:8      | Noticed a two-headed ogre
  7324 | D:8      | Killed a two-headed ogre
  7324 | D:8      | Reached skill level 1 in Invocations
  7829 | D:8      | Found a shattered altar of Ashenzari.
  8628 | D:9      | Noticed a two-headed ogre
  8638 | D:9      | Killed a two-headed ogre
  9004 | D:10     | Entered Level 10 of the Dungeon
  9108 | D:10     | Found an ancient bone altar of Kikubaaqudgha.
  9110 | D:10     | Reached *** piety under Hepliaklqana
  9137 | D:10     | Noticed a two-headed ogre
  9149 | D:10     | Killed a two-headed ogre
  9149 | D:10     | Reached XP level 11. HP: 23/84 MP: 15/15
 10348 | D:10     | Killed an unseen horror
 10570 | D:10     | You fall through a shaft for 3 floors!
 10597 | D:13     | Noticed a green ugly thing
 10607 | D:13     | Killed a green ugly thing
 10707 | D:13     | Reached skill level 13 in Bows
 11094 | D:13     | Found a portal to a secret trove of treasure.
 11301 | D:13     | Noticed a centaur warrior
 11310 | D:13     | Killed a centaur warrior
 11554 | D:13     | Reached skill level 5 in Invocations
 11748 | D:13     | Found a gate to the Vaults.
 11748 | D:13     | Noticed a two-headed ogre
 11748 | D:13     | Noticed a necromancer
 11750 | D:13     | Noticed a necromancer
 11753 | D:13     | Killed a two-headed ogre
 11756 | D:13     | Killed a necromancer
 11763 | D:13     | Killed a necromancer
 12035 | D:12     | Reached skill level 10 in Fighting
 12369 | D:12     | Noticed a six-headed hydra
 12376 | D:12     | Killed a six-headed hydra
 12376 | D:12     | Reached XP level 12. HP: 92/95 MP: 18/18
 12799 | D:12     | Reached skill level 14 in Bows
 13298 | D:12     | Got a faintly glowing war axe
 13387 | D:12     | Reached **** piety under Hepliaklqana
 13410 | D:12     | Noticed a two-headed ogre
 13413 | D:12     | Noticed a two-headed ogre
 13414 | D:12     | Noticed an ogre mage
 13415 | D:12     | Noticed a two-headed ogre
 13416 | D:12     | Killed a two-headed ogre
 13420 | D:12     | Killed a two-headed ogre
 13423 | D:12     | Killed an ogre mage
 13539 | D:12     | Killed a two-headed ogre
 13975 | D:12     | Identified the +1 war axe "Ducvi" {freeze, MR+ Str+3 Dex-4}
                  | (You found it on level 12 of the Dungeon)
 14084 | D:11     | Found a runed gate.
 14084 | D:11     | Found a runed gate.
 14084 | D:11     | Found a runed gate.
 14085 | D:11     | Noticed coffeespoons's ghost (journeyman GrFi)
 14824 | D:11     | Found a staircase to the Orcish Mines.
 14839 | D:11     | Reached skill level 15 in Bows
 15639 | D:11     | Killed coffeespoons's ghost
 15757 | D:14     | Reached XP level 13. HP: 84/105 MP: 16/19
 16792 | D:14     | Slain by a white ugly thing

Vault maps used:
D:1:      sevenhm_arrival_forest_fort_small_3, bh_walls_and_bars
D:2:      wad_river_or_something, overflow_temple_1_default, xom_redecorated,
          minmay_joined_circles, uniq_natasha
D:3:      old_standard_altar, eat_drink_and_be_merry_uskayaw,
          cheibrodos_sewer_entry_bend, first_ration, uniq_grinder, uniq_ijyb
D:4:      gammafunk_temple_overflow_pools, serial_shops, shop_fountains,
          uniq_blork_the_orc
D:5:      basic_altar, grunt_ministairs_12, grunt_tough_drop
D:6:      lemuel_doored_altar, minmay_temple_entry_statues_pillars
D:7:      grunt_ogre_cave, uniq_harold, uniq_duvessa
D:8:      kennysheep_kobold_camp, marbit_many_paths, due_lair_maze_entry_diamond
D:9:      serial_bayou_lagoon_a
D:10:     tgw_kikubaaqudgha
D:11:     zombieorc2_lemuel, gammafunk_ghost_spectres
D:12:     special_room
D:13:     david_vaults_1, enter_trove_3
D:14:     solitary_fountain, yredelemnul_altar_generic
Sewer:    sewer_big_baddie

Skill      XL: |  1  2  3  4  5  6  7  8  9 10 11 12 13 |
---------------+----------------------------------------+-----
Bows           | 3 4 9 10 11 12 13 15 | 15.9
Fighting       | 1 2 7 8 10 11 12 | 12.3
Dodging        | 5 6 |  6.3
Necromancy     | 1 2 |  2.0
Spellcasting   | 2 3 4 |  4.0
Invocations    | 2 5 |  5.0
Stealth        | |  1.0
Shields        | |  1.0
Conjurations   | |  2.0
Fire Magic     | |  2.4

Action                   |  1- 3 |  4- 6 |  7- 9 | 10-12 | 13-15 || total
-------------------------+-------+-------+-------+-------+-------++-------
Melee: Spear             |     2 |    33 |       |       |       ||    35
       Tailslap          |     1 |     2 |     9 |    45 |       ||    57
       Unarmed           |       |    26 |       |       |       ||    26
       Dagger            |       |       |    76 |       |       ||    76
       Quarterstaff      |       |       |       |   237 |       ||   237
       Short sword       |       |       |       |    63 |       ||    63
 Fire: Shortbow          |    89 |    53 |   329 |   249 |       ||   720
       Longbow           |       |       |       |   312 |   113 ||   425
Throw: Throwing net      |       |       |     2 |       |       ||     2
 Cast: Animate Skeleton  |       |       |       |     3 |       ||     3
Invok: Ancestor Life: Ba |       |       |       |     1 |       ||     1
       Recall Ancestor   |       |       |       |     2 |     1 ||     3
       Idealise          |       |       |       |     1 |     1 ||     2
 Abil: Breathe Fire      |       |       |    10 |    31 |     7 ||    48
Evoke: Wand              |       |       |     4 |     5 |       ||     9
  Use: Scroll            |     1 |     5 |    10 |     9 |     1 ||    26
       Potion            |       |     2 |     1 |     3 |     1 ||     7
 Stab: Sleeping          |       |     1 |     1 |       |       ||     2
       Distracted        |       |       |     1 |     2 |       ||     3
       Held in net/web   |       |       |     1 |       |       ||     1
  Eat: Chunk             |       |     4 |    16 |    26 |     1 ||    47
       Ration            |       |       |       |     2 |     1 ||     3
Armor: Skin              |     4 |    42 |    49 |   192 |    34 ||   321
Dodge: Dodged            |    21 |    29 |   107 |   419 |    49 ||   625

Table legend:
 A = Non-vault XP
 B = Vault XP
 C = Vault XP percentage of total XP
 D = Non-vault monster count
 E = Vault monster count
 F = Vault count percentage of total count
                 A         B        C        D         E       F
            +---------+---------+-------+---------+---------+-------
      Total |   36077 |   10992 |  23.4 |     324 |     142 |  30.5
            +---------+---------+-------+---------+---------+-------
        D:1 |      37 |       0 |   0.0 |      22 |       0 |   0.0
        D:2 |     114 |     132 |  53.7 |      13 |      22 |  62.9
        D:3 |     152 |     341 |  69.2 |      26 |       4 |  13.3
        D:4 |     152 |      94 |  38.2 |      14 |       1 |   6.7
        D:5 |     733 |      46 |   5.9 |      27 |       2 |   6.9
        D:6 |     564 |       0 |   0.0 |      13 |       0 |   0.0
        D:7 |     849 |    1340 |  61.2 |      13 |       4 |  23.5
        D:8 |    1843 |    1264 |  40.7 |      24 |      33 |  57.9
        D:9 |    2119 |       0 |   0.0 |      23 |       0 |   0.0
       D:10 |    4370 |       0 |   0.0 |      26 |       0 |   0.0
       D:11 |    3550 |    2437 |  40.7 |      30 |      40 |  57.1
       D:12 |    7487 |    2471 |  24.8 |      39 |      25 |  39.1
       D:13 |    6267 |    2726 |  30.3 |      32 |       5 |  13.5
       D:14 |    7840 |       0 |   0.0 |      22 |       0 |   0.0
      Sewer |       0 |     141 | 100.0 |       0 |       6 | 100.0
            +---------+---------+-------+---------+---------+-------
